 Dungeon Crawl Stone Soup version 0.25-a0-287-g56a5b49892 (webtiles) character file.

Game seed: 16530185377706764280, levelgen mode: deterministic

2860 toffzen the Cudgeler (level 9, -5/84 HPs)
             Began as a Gargoyle Fighter on Dec 11, 2019.
             Was a Priest of Cheibriados.
             Killed by divine providence
             ... invoked by an orc priest
              (14 damage)
             ... on level 7 of the Dungeon on Dec 12, 2019.
             The game lasted 00:20:33 (7229 turns).

toffzen the Cudgeler (Gargoyle Fighter)             Turns: 7229, Time: 00:20:33

Health: -5/84      AC: 24    Str: 28    XL:     9   Next: 75%
Magic:  12/12      EV:  2    Int: 17    God:    Cheibriados [***...]
Gold:   372        SH: 17    Dex: 20    Spells: 8/8 levels left

rFire    . . .     SeeInvis .   b - +7 hand axe (flame)
rCold    . . .     Gourm    .   n - +0 large shield
rNeg     + + +     Faith    .   (armour currently unavailable)
rPois    ∞         Spirit   .   (helmet currently unavailable)
rElec    .         Reflect  .   (cloak currently unavailable)
rCorr    .         Harm     .   (gloves currently unavailable)
MR       .....     NoTele   +   (boots currently unavailable)
Stlth    ++........             (no amulet)
HPRegen  0.24/turn              (no ring)
MPRegen  0.13/turn              (no ring)

@: tree-form, very slow
A: negative energy resistance 1, petrification resistance, rot immunity, AC +6
a: Bend Time, Temporal Distortion, Renounce Religion


You were on level 7 of the Dungeon.
You worshipped Cheibriados.
Cheibriados was most pleased with you.
You were not hungry.
You were a tree.
You visited 1 branch of the dungeon, and saw 7 of its levels.

You collected 372 gold pieces.

Inventory:

Hand Weapons
 a - a +4 flail of holy wrath
 b - a +7 hand axe of flaming (weapon)
Missiles
 h - 53 sling bullets
 o - 164 stones (quivered)
Armour
 n - a +0 large shield (worn)
 p - a +3 chain mail of cold resistance (melded)
 v - a +0 cloak (melded)
Wands
 j - a wand of polymorph (6)
Scrolls
 c - a scroll of identify
 g - a scroll of enchant weapon
 i - 2 scrolls of remove curse
 s - a scroll of fog
 t - a scroll of magic mapping
 x - a scroll of immolation
Potions
 d - 3 potions of brilliance
 e - 2 potions of cancellation
 u - a potion of agility
 w - a potion of mutation
 A - 3 potions of flight
 B - a potion of curing {unknown}
Comestibles
 f - 14 rations


   Skills:
 + Level 6.4 Fighting
 * Level 7.4 Maces & Flails
 + Level 6.5 Armour
 + Level 3.9 Dodging
 + Level 6.5 Shields
 + Level 4.2 Invocations


You had 8 spell levels left.
You didn't know any spells.
Your spell library was empty.

Dungeon Overview and Level Annotations

Branches:
Dungeon (7/15)             Temple (0/1) D:4

Altars:
Cheibriados
Dithmenos
Kikubaaqudgha
Makhleb
Ru
Vehumet
Zin
The Shining One

Shops:
D:4 =[(

Annotations:
D:3 2 transporters
D:5 3 runed translucent doors, iamserjio's ghost, novice OpFE
D:6 1 runed translucent door, emiel's ghost, novice NaGl


Innate Abilities, Weirdness & Mutations

You are resistant to torment.
((Your stone body is resilient. (AC +6)))
You are immune to poison.
You resist negative energy. (rN+)
((You are resistant to electric shocks. (rElec)))
((You can survive without breathing.))
You are immune to petrification.
You are immune to rotting.


Message History

The orc priest casts a cantrip, but nothing happens.
The orc wizard casts a spell at you.
The magic dart hits you but does no damage.
You closely miss the orc wizard. You closely miss the hound.
The hound bites you but does no damage. You block the hound's attack.
The orc wizard hits you with a +0 dagger.
* * * LOW HITPOINT WARNING * * *
You closely miss the orc wizard.
Your shield prevents you from hitting the hound.
You barely miss the orc priest.
The orc wizard casts a spell.
The orc wizard blinks!
You block the hound's attack. You block the orc priest's attack.
You slash the orc priest! You burn the orc priest.
The orc priest is heavily wounded.
You slash the orc wizard! You burn the orc wizard. You closely miss the hound.
You block the hound's attack.
The orc priest invokes the aid of Beogh against you.
Beogh smites you!
You die...

#.##.#..........# #...#
#..##....######.# #.#.#
#####...###.## #.# #...##
............# #.#####...#####
#####...##..## #..............
##.#.....# #######...#####
######.#.....# #######..###
.............# ####.......<..#
######.#.....###♣o.........#.#
#.#......§h§o....(....#.#
#.##.....§o§§..########.#
######........§§§#### #.#
..........o..##### #.# ##
#########.#)## ###.###.
#..o.#!# #....... #.####.#
#.#.###. #.# #.# #.#.# #.


You could see a hound, 2 orc priests and an orc wizard.

Vanquished Creatures
  A gargoyle (D:7)
  Grinder (D:5)
  Edmund (D:5)
  3 ice beasts
  An orc warrior (D:7)
  A phantom (D:4)
  A necrophage (D:7)
  An ogre (D:6)
  A centaur (D:4)
  Blork the orc (D:4)
  3 bullfrogs
  3 scorpions
  3 crimson imps
  2 centaur zombies
  2 hounds
  A jelly (D:7)
  5 orc priests
  7 orc wizards
  Terence (D:2)
  Jessica (D:2)
  An iguana (D:4)
  4 worker ants
  Robin (D:2)
  A worker ant zombie (D:7)
  4 gnolls
  14 adders
  4 worms
  5 dart slugs
  10 leopard geckos
  29 orcs
  5 bats
  3 giant cockroaches
  7 hobgoblins
  15 jackals
  5 quokkas
  4 ball pythons
  13 frilled lizards
  16 goblins
  11 kobolds
  A leopard gecko skeleton (D:5)
  6 rats
199 creatures vanquished.

Notes
Turn   | Place    | Note
-------+----------+-------------------------------------------
     0 | D:1      | toffzen the Gargoyle Fighter began the quest for the Orb.
     0 | D:1      | Reached XP level 1. HP: 14/14 MP: 1/1
    74 | D:1      | Reached XP level 2. HP: 15/19 MP: 2/2
   381 | D:1      | Reached XP level 3. HP: 23/23 MP: 3/3
   481 | D:2      | Noticed Robin
   642 | D:2      | Noticed Jessica
   650 | D:2      | Killed Jessica
   650 | D:2      | Reached XP level 4. HP: 26/29 MP: 4/4
   735 | D:2      | Reached skill level 1 in Dodging
   746 | D:2      | Killed Robin
   746 | D:2      | Reached skill level 3 in Maces & Flails
  1016 | D:2      | Noticed Terence
  1185 | D:2      | Killed Terence
  1185 | D:2      | Reached XP level 5. HP: 2/33 MP: 5/5
  2444 | D:3      | Found a glowing silver altar of Zin.
  2534 | D:3      | Reached XP level 6. HP: 38/38 MP: 6/6
  2614 | D:3      | Found an ancient bone altar of Kikubaaqudgha.
  2668 | D:3      | Reached skill level 4 in Maces & Flails
  2821 | D:3      | Found a transporter.
  2823 | D:3      | Found a glowing golden altar of the Shining One.
  2848 | D:3      | Found a transporter.
  3430 | D:4      | Found a snail-covered altar of Cheibriados.
  3468 | D:4      | Became a worshipper of Cheibriados the Contemplative
  3472 | D:4      | Found a shadowy altar of Dithmenos.
  3510 | D:4      | Found Gimuah's Jewellery Shop.
  3552 | D:4      | Reached XP level 7. HP: 43/44 MP: 7/7
  4013 | D:4      | Found a staircase to the Ecumenical Temple.
  4174 | D:4      | Reached skill level 1 in Invocations
  4213 | D:4      | Found Rolid's Armour Shop.
  4231 | D:4      | Reached * piety under Cheibriados
  4469 | D:4      | Found Bilum's Weapon Shop.
  4637 | D:5      | Entered Level 5 of the Dungeon
  4638 | D:5      | Noticed Blork the orc
  4639 | D:5      | Reached skill level 5 in Maces & Flails
  4813 | D:4      | Reached skill level 5 in Armour
  4813 | D:4      | Reached skill level 5 in Shields
  4908 | D:4      | Reached XP level 8. HP: 47/48 MP: 9/9
  4943 | D:4      | Reached ** piety under Cheibriados
  4943 | D:4      | Reached skill level 5 in Fighting
  4958 | D:4      | Killed Blork the orc
  5387 | D:5      | Upgraded the game from 0.25-a0-285-gcba6f664f8 to
                  | 0.25-a0-287-g56a5b49892
  5413 | D:5      | Found a sacrificial altar of Ru.
  5487 | D:5      | Noticed Grinder
  5507 | D:5      | Killed Grinder
  5507 | D:5      | Reached skill level 6 in Maces & Flails
  5564 | D:5      | Found a runed translucent gate.
  5564 | D:5      | Found a runed translucent gate.
  5564 | D:5      | Found a runed translucent gate.
  5573 | D:5      | Noticed iamserjio's ghost (novice OpFE)
  5599 | D:6      | Found a burning altar of Makhleb.
  5599 | D:6      | Found a radiant altar of Vehumet.
  5895 | D:6      | Noticed Edmund
  5907 | D:5      | Reached XP level 9. HP: 39/55 MP: 11/11
  5909 | D:5      | Killed Edmund
  6023 | D:6      | Reached *** piety under Cheibriados
  6222 | D:6      | Found a runed translucent door.
  6222 | D:6      | Noticed emiel's ghost (novice NaGl)
  6315 | D:7      | Noticed a gargoyle
  6331 | D:7      | Reached skill level 7 in Maces & Flails
  6943 | D:7      | Killed a gargoyle
  7229 | D:7      | Killed from afar by an orc priest

Levels and vault maps discovered:
D:1:      onia_arrival_pentagram, layout_rooms
D:2:      layout_basic, serial_glass, glass_columns_c, glass_columns_b,
          glass_columns_b, glass_columns_b, glass_columns_a, glass_columns_a,
          glass_columns_b, glass_columns_a, kennysheep_generic_room_4,
          uniq_robin, uniq_jessica, uniq_terence
D:3:      layout_loops_cross, grunt_temple_overflow_open,
          gammafunk_temple_overflow_arena, nicolae_overflow_hidden_temple,
          first_ration, minmay_randomly_rotated_circles
D:4:      layout_basic, kennysheep_slug_shrine,
          grunt_dithmenos_smoke_and_mirrors, minmay_temple_entry_purple_smoke,
          serial_shops, nicolae_shop_stone, kennysheep_little_box, shop
D:5:      layout_rooms, basic_altar, gammafunk_ghost_necromancy,
          uniq_blork_the_orc, uniq_grinder
D:6:      layout_cave_pools, grunt_temple_overflow_lords_of_destruction,
          ebering_ghost_inner_flame, uniq_edmund
D:7:      layout_loops_ring, kennysheep_generic_room_14

Skill      XL: |  1  2  3  4  5  6  7  8  9 |
---------------+----------------------------+-----
Dodging        | 1 2 3 |  3.9
Maces & Flails | 3 4 5 6 7 |  7.4
Armour         | 4 5 6 |  6.5
Shields        | 4 5 6 |  6.5
Fighting       | 4 5 6 |  6.4
Invocations    | 1 3 4 |  4.2

Action                   |  1- 3 |  4- 6 |  7- 9 || total
-------------------------+-------+-------+-------++-------
Melee: Flail             |    78 |   291 |   343 ||   712
       Hand axe          |       |       |    58 ||    58
Throw: Stone             |       |     1 |     3 ||     4
  Use: Scroll            |       |     6 |    16 ||    22
       Potion            |       |     1 |     5 ||     6
 Stab: Distracted        |       |       |     1 ||     1
  Eat: Chunk             |       |     6 |     7 ||    13
       Ration            |       |     1 |       ||     1
Armor: Scale mail        |    69 |    50 |       ||   119
       Chain mail        |       |   163 |   215 ||   378
       Skin              |       |       |     2 ||     2
Dodge: Dodged            |    38 |    98 |   122 ||   258
Block: Shield            |    44 |   171 |   153 ||   368
       Large shield      |       |       |    88 ||    88

Table legend:
 A = Non-vault XP
 B = Vault XP
 C = Vault XP percentage of total XP
 D = Non-vault monster count
 E = Vault monster count
 F = Vault count percentage of total count
                 A         B        C        D         E       F
            +---------+---------+-------+---------+---------+-------
      Total |    3335 |     751 |  18.4 |     173 |      26 |  13.1
            +---------+---------+-------+---------+---------+-------
        D:1 |      56 |       3 |   5.1 |      24 |       2 |   7.7
        D:2 |     104 |     111 |  51.6 |      21 |      13 |  38.2
        D:3 |     176 |      37 |  17.4 |      31 |       6 |  16.2
        D:4 |     945 |     100 |   9.6 |      48 |       2 |   4.0
        D:5 |     415 |     450 |  52.0 |      18 |       2 |  10.0
        D:6 |     269 |      50 |  15.7 |       9 |       1 |  10.0
        D:7 |    1370 |       0 |   0.0 |      22 |       0 |   0.0
            +---------+---------+-------+---------+---------+-------
